cohdb
Replays
Latest Replays
All Replays
Popular Replays
Top Player Replays
Match Explorer
How It Works
Community
CoH3 Stats
Reddit
Sign in to upload your games and track your stats! →
Sign in with Steam
Match 40844963
Unlisted
Match 40844963
Overview
Messages
Build Orders
End
Construct Infanterie Kompanie
Selects Terror Battlegroup
Grenadier Squad
Grenadier Squad
Grenadier Squad
Infanterie Officer Quarters
Selects Contempt for the Weak
Grenadier Squad
GrW 34 Mortar Team
Construct Panzergrenadier Kompanie
Construct Panzer Kompanie
Phan
kamacura
Hunter™
Lero
ผมชื่อตาย
SirOwnsAlot
Greekminer2
Dabby
0
0
Comments
sign in to comment!
No comments posted yet!